 Dungeon Sprint DCSS version 0.27-a0-1140-g099f9bb0e8 (webtiles) character file.

Game seed: 3695433313499330857

11 mhtbhm the Firebug (level 2, -1/15 HPs)
             Began as a Deep Elf Fire Elementalist on May 9, 2021.
             Was a Follower of Vehumet.
             Slain by a scorpion (6 damage)
             ... in the Dungeon (Sprint VII: "The Pits").
             The game lasted 00:01:06 (713 turns).

mhtbhm the Firebug (Deep Elf Fire Elementalist)      Turns: 713, Time: 00:01:06

Health: -1/15      AC:  2    Str:  5    XL:     2   Next: 13%
Magic:  2/8        EV: 13    Int: 19    God:    Vehumet [*.....]
Gold:   0          SH:  0    Dex: 15    Spells: 6/8 levels left

rFire    . . .     SeeInvis .   k - +2 quarterstaff
rCold    . . .     Faith    .   (shield currently unavailable)
rNeg     . . .     Spirit   .   a - +0 robe
rPois    .         Reflect  .   (no helmet)
rElec    .         Harm     .   (no cloak)
rCorr    .         Rampage  .   (no gloves)
Will     .....     NoTele   +   (no boots)
Stlth    ++........             (no amulet)
HPRegen  0.05/turn              (no ring)
MPRegen  0.11/turn              (no ring)

@: no status effects
A: no striking features
a: Renounce Religion


You were in the Dungeon.
You worshipped Vehumet.
Vehumet was aware of your devotion.
You visited 1 branch

Inventory:

Hand Weapons
 k - a +2 quarterstaff (weapon)
Armour
 a - a +0 robe (worn)
Scrolls
 h - a scroll of blinking
 i - 5 scrolls of amnesia
 j - a scroll of summoning
Potions
 b - 2 potions of invisibility
 d - a potion of heal wounds
 e - a potion of haste
 f - 4 potions of magic
 g - 3 potions of berserk rage


   Skills:
 + Level 2.9 Dodging
 + Level 3.2 Stealth
 + Level 3.7 Spellcasting
 + Level 1.1 Conjurations
 + Level 4.9 Fire Magic


You had 6 spell levels left.
You knew the following spells:

 Your Spells              Type           Power      Damage    Failure   Level
a - Foxfire               Conj/Fire      60%        2x1d7     4%          1
b - Shock                 Conj/Air       20%        1d4       11%         1

Your spell library contained the following spells:

 Spells                   Type           Power      Damage    Failure   Level
 Conjure Flame            Conj/Fire      15%        6-21      12%         3
 Inner Flame              Hex/Fire       12%        N/A       16%         3
 Sticky Flame             Conj/Fire      15%        2d4       38%         4
 Fireball                 Conj/Fire      7%         3d5       75%         5


Dungeon Overview and Level Annotations

Branches:
Dungeon (1/1)

Altars:
Ashenzari
Cheibriados
Dithmenos
Elyvilon
Fedhas
Gozag
Hepliaklqana
Kikubaaqudgha
Makhleb
Nemelex Xobeh
Okawaru
Qazlal
Ru
Sif Muna
Trog
Uskayaw
Vehumet
Wu Jian
Xom
Yredelemnul
Zin
The Shining One
Beogh
Jiyva
Lugonu


Message History

The scorpion is moderately wounded.
The scorpion stings you.
You are poisoned.
The scorpion poisons you!
Unknown command.
Casting: Shock (safe; 11% risk of failure)
Confirm with . or Enter, or press ? or * to list all spells.
Aiming: Shock (safe; 11% risk of failure)
Press: ? - help, Shift-Dir - straight line, f/p - scorpion
Aim: a scorpion (moderately wounded, 64% to hit)
The zap misses the scorpion.
You feel sick. The scorpion stings you.
Unknown command.
Unknown command.
You feel better.
The scorpion stings you but does no damage.
Unknown command.
Casting: Shock (safe; 11% risk of failure)
Confirm with . or Enter, or press ? or * to list all spells.
Okay, then.
Casting: Shock (safe; 11% risk of failure)
Confirm with . or Enter, or press ? or * to list all spells.
You don't know that spell.
Casting: Shock (safe; 11% risk of failure)
Confirm with . or Enter, or press ? or * to list all spells.
Aiming: Shock (safe; 11% risk of failure)
Press: ? - help, Shift-Dir - straight line, f/p - scorpion
Aim: a scorpion (moderately wounded, 64% to hit)
The zap hits the scorpion.
The scorpion is moderately wounded.
The scorpion stings you.
Unknown command.
Casting: Shock (safe; 11% risk of failure)
Confirm with . or Enter, or press ? or * to list all spells.
Aiming: Shock (safe; 11% risk of failure)
Press: ? - help, Shift-Dir - straight line, f/p - scorpion
Aim: a scorpion (moderately wounded, 64% to hit)
The zap misses the scorpion.
The scorpion stings you!
Ouch! That really hurt!
The scorpion stings you.
You die...

#_________.#
#_______...###########++#
##########'##............
#.?(.')))'.##......#..#..
##########.##............
#...........'......).....
#+#####'#####......#..#..
#..#..#..##............
#..'.s@..#####'#####++#
##+####+###.......#
#.......# #.......#
#...<...# #.......#
#.......# #.......#
#########


You could see a scorpion.

Vanquished Creatures
  An ufetubus (D)
  An orc (D)
  A ball python (D)
  A quokka (D)
  A rat (D)
5 creatures vanquished.

Vanquished Creatures (others)
  16 foxfires (D)
16 creatures vanquished.

Grand Total: 21 creatures vanquished

Notes
Turn   | Place    | Note
-------+----------+-------------------------------------------
     0 | D        | mhtbhm the Deep Elf Fire Elementalist began the quest for
                  | the Orb.
     0 | D        | Reached XP level 1. HP: 10/10 MP: 6/6
    21 | D        | Reached skill level 4 in Fire Magic
   233 | D        | Found a bloodstained altar of Trog.
   233 | D        | Found a shimmering blue altar of Sif Muna.
   233 | D        | Found a viscous altar of Jiyva.
   233 | D        | Found a hazy altar of Hepliaklqana.
   233 | D        | Found an opulent altar of Gozag.
   234 | D        | Found a glowing golden altar of the Shining One.
   234 | D        | Found a glowing silver altar of Zin.
   234 | D        | Found a basalt altar of Yredelemnul.
   234 | D        | Found a shimmering altar of Xom.
   234 | D        | Found an ornate altar of the Wu Jian Council.
   234 | D        | Found a sacrificial altar of Ru.
   234 | D        | Found a stormy altar of Qazlal.
   234 | D        | Found an iron altar of Okawaru.
   234 | D        | Found a sparkling altar of Nemelex Xobeh.
   234 | D        | Found a burning altar of Makhleb.
   234 | D        | Found a blossoming altar of Fedhas.
   234 | D        | Found a white marble altar of Elyvilon.
   234 | D        | Found a shadowy altar of Dithmenos.
   234 | D        | Found a snail-covered altar of Cheibriados.
   236 | D        | Found a radiant altar of Vehumet.
   236 | D        | Found a corrupted altar of Lugonu.
   237 | D        | Found a hide-covered altar of Uskayaw.
   237 | D        | Found an ancient bone altar of Kikubaaqudgha.
   237 | D        | Found a broken altar of Ashenzari.
   244 | D        | Became a worshipper of Vehumet
   416 | D        | Reached XP level 2. HP: 6/15 MP: 3/8
   600 | D        | Reached * piety under Vehumet
   600 | D        | Offered knowledge of Shock by Vehumet.
   703 | D        | Learned a level 1 spell: Shock
   703 | D        | Noticed a scorpion
   713 | D        | Slain by a scorpion

Illustrated notes

Levels and vault maps discovered:
D:        pitsprint [storerooms_1, entrance_room_1, metal_vault_5, armoury_2,
          mini_pit_1, grid_room_1, main_hall_1, silver_pit, the_coven_3,
          the_vestibule_1, steel_vault_5, golden_pit, hallway_of_sentries,
          crystal_vault_1, iron_vault_1, final_vault]

Skill      XL: |  1  2 |
---------------+-------+-----
Fire Magic     | 4 |  4.9
Stealth        | 3 |  3.2
Dodging        | |  2.9
Spellcasting   | |  3.7
Conjurations   | |  1.1

Action                   || total
-------------------------++-------
 Cast: Foxfire           ||    13
       Shock             ||     5
  Use: Potion            ||     1
Armor: Robe              ||     2
Dodge: Dodged            ||    13

Table legend: (Time is in decaauts)
 A = Elapsed time spent in this place.
 B = Non-inter-level travel time spent in this place.
 C = Inter-level travel time spent in this place.
 D = Time resting spent in this place.
 E = Time spent auto-exploring this place.
 F = Levels seen in this place.
 G = Mean time per level.
                   A        B        C        D        E       F      G
               +--------+--------+--------+--------+--------+-----+--------+
         Total |    712 |    712 |      0 |    553 |      0 |   1 |  712.0 |
       Dungeon |    712 |    712 |      0 |    553 |      0 |   1 |  712.0 |
               +--------+--------+--------+--------+--------+-----+--------+

Top non-repeatable levels by time:
       D: 712 daAuts
